 Dungeon Crawl Stone Soup version 0.22-a0-587-g7d32d7c (webtiles) character file.

72 sking99 the Insei (level 4, 0/21 HPs)
             Began as a Vine Stalker Transmuter on July 4, 2018.
             Slain by a gnoll
             ... wielding a +4 spear
              (4 damage)
             ... on level 3 of the Dungeon.
             The game lasted 00:03:53 (1639 turns).

sking99 the Insei (Vine Stalker Transmuter)         Turns: 1639, Time: 00:03:54

Health: 0/21       AC:  3    Str: 12    XL:     4   Next: 26%
Magic:  0/8        EV: 12    Int: 14    God:
Gold:   179        SH:  0    Dex: 15    Spells: 4/7 levels left

rFire    . . .     SeeInvis .     - Unarmed
rCold    . . .     Gourm    .   (no shield)
rNeg     . . .     Faith    .   b - +0 robe
rPois    .         Spirit   +   g - +0 helmet
rElec    .         Reflect  .   (no cloak)
rCorr    .         Harm     .   (no gloves)
MR       .....                  (no boots)
Stlth    +.........             (no amulet)
HPRegen  0.47/turn              (no ring)
MPRegen  0.11/turn              (no ring)

@: no status effects
A: fangs 2, regeneration 1, magic shield, antimagic bite, no potion heal 3, rot
immunity
a: no special abilities


You were on level 3 of the Dungeon.
You were hungry.

You visited 1 branch of the dungeon, and saw 3 of its levels.

You collected 179 gold pieces.

Inventory:

Missiles
 a - 28 arrows
Armour
 b - a +0 robe (worn)
 g - a +0 helmet (worn)
Jewellery
 k - an uncursed ring of ice {unknown}
 m - a cursed -2 ring of intelligence {unknown}
Scrolls
 c - a scroll of magic mapping {unknown}
 e - 2 scrolls of remove curse {unknown}
 f - 2 scrolls of identify {unknown}
 h - a scroll of teleportation {unknown}
 i - a scroll of random uselessness {unknown}
 o - 2 scrolls of enchant armour {unknown}
Potions
 j - a potion of agility {unknown}
 l - a potion of curing {unknown}
Comestibles
 d - a ration
 n - 2 chunks of flesh


   Skills:
 - Level 0.8 Fighting
 - Level 1.7 Dodging
 * Level 4.7 Unarmed Combat
 - Level 2.3 Spellcasting
 - Level 2.0 Transmutations


You had 4 spell levels left.
You knew the following spells:

 Your Spells              Type           Power        Failure   Level  Hunger
a - Beastly Appendage     Tmut           #.....       10%         1    #......
b - Sticks to Snakes      Tmut           #.......     16%         2    ###....

Your spell library contained the following spells:

 Spells                   Type           Power        Failure   Level  Hunger
 Spider Form              Tmut/Pois      #.........   41%         3    ###....
 Blade Hands              Tmut           #.........   95%         5    ######.
 Ice Form                 Ice/Tmut       #.......     83%         4    #####..


Dungeon Overview and Level Annotations

Branches:
Dungeon (3/15)

Altars:
Ashenzari
Cheibriados
Dithmenos
Fedhas
Qazlal
Ru
Wu Jian
Yredelemnul
The Shining One


Innate Abilities, Weirdness & Mutations

You have extremely sharp teeth.
Your natural rate of healing is unusually fast.
When hurt, damage is shared between your health and your magic reserves.
Your bite disrupts and absorbs the magic of your enemies.
Potions cannot restore your health.
You are immune to rotting.


Message History

Confirm with . or Enter, or press ? or * to list all spells.
You create a snake!
You now have 29 arrows.
Casting: Sticks to Snakes (safe; 16% risk of failure)
Confirm with . or Enter, or press ? or * to list all spells.
You create a snake!
You now have 28 arrows.
You are feeling hungry.
The gnoll hits you from afar with an enchanted spear!
Your ball python bites the gnoll but does no damage.
Your ball python grabs the gnoll.
Your ball python constricts the gnoll.
The gnoll hits you with an enchanted spear!
Ouch! That really hurt!
* * * LOW HITPOINT WARNING * * *
Unknown command.
You swap places.
Your ball python bites the gnoll but does no damage.
Your ball python constricts the gnoll.
The gnoll hits your adder with a spear. The gnoll completely misses your adder.
Your ball python bites the gnoll.
Your adder bites the gnoll.
The gnoll hits you from afar with an enchanted spear.
You die...

#.......# #.......#
#.......# #.......#
###+#######.......#
#.........#.gg....#
#####.........#gS.....#
..............#SS.....##
#######+##......@.._...#
# #......._..._.# .
#.............. .#
#.....[_..8.._. .#
#.............. ..
#......._..._.# #.
..........._...#
.##......##...### #
.......# #.##


You could see 3 gnolls, a friendly adder and 2 friendly ball pythons.

Vanquished Creatures
  3 adders
  2 oozes
  A worm (D:2)
  A leopard gecko (D:1)
  4 giant cockroaches
  3 hobgoblins
  A quokka (D:2)
  6 bats
  3 frilled lizards
  4 goblins
  2 kobolds (D:1)
  6 rats
36 creatures vanquished.

Notes
Turn   | Place    | Note
-------+----------+-------------------------------------------
     0 | D:1      | sking99 the Vine Stalker Transmuter began the quest for the Orb.
     0 | D:1      | Reached XP level 1. HP: 9/9 MP: 4/4
   131 | D:1      | Reached XP level 2. HP: 14/14 MP: 6/6
   406 | D:1      | Found a shattered altar of Ashenzari.
   647 | D:2      | Reached XP level 3. HP: 15/17 MP: 7/7
   825 | D:2      | Reached skill level 4 in Unarmed Combat
   916 | D:2      | Learned a level 2 spell: Sticks to Snakes
  1321 | D:2      | Gained mutation: Your natural rate of healing is unusually fast. [Vine Stalker growth]
  1321 | D:2      | Reached XP level 4. HP: 21/21 MP: 8/8
  1475 | D:3      | Found a shadowy altar of Dithmenos.
  1476 | D:3      | Found a sacrificial altar of Ru.
  1476 | D:3      | Found a glowing golden altar of the Shining One.
  1478 | D:3      | Found an ornate altar of the Wu Jian Council.
  1478 | D:3      | Found a stormy altar of Qazlal.
  1480 | D:3      | Found a snail-covered altar of Cheibriados.
  1480 | D:3      | Found a blossoming altar of Fedhas.
  1632 | D:3      | Found a basalt altar of Yredelemnul.
  1639 | D:3      | Slain by a gnoll

Vault maps used:
D:1:      shiori_arrival_oz, evilmike_ruin_ashenzari
D:3:      grunt_temple_overflow_open, first_ration

Skill      XL: |  1  2  3 |
---------------+----------+-----
Unarmed Combat | 4 |  4.7
Fighting       | |  0.8
Dodging        | |  1.7
Spellcasting   | |  2.3
Transmutations | |  2.0

Action                   |  1- 3 |  4- 6 || total
-------------------------+-------+-------++-------
Melee: Unarmed           |    82 |    22 ||   104
       Bite              |    19 |     7 ||    26
       Kick              |     1 |       ||     1
 Cast: Beastly Appendage |     1 |       ||     1
       Sticks to Snakes  |       |     3 ||     3
 Stab: Sleeping          |     6 |       ||     6
  Eat: Chunk             |     1 |     1 ||     2
Armor: Robe              |    10 |     8 ||    18
Dodge: Dodged            |    41 |    13 ||    54

Table legend:
 A = Spawn XP
 B = Non-spawn XP
 C = Spawn XP percentage of total XP
 D = Spawn monster count
 E = Non-spawn monster count
 F = Spawn count percentage of total count
 G = Total turns spent on level
                    A         B        C        D         E        F      G
               +---------+---------+-------+---------+---------+-------+---------
         Total |       0 |     104 |   0.0 |       0 |      36 |   0.0 |  1639
               +---------+---------+-------+---------+---------+-------+---------
           D:1 |       0 |      28 |   0.0 |       0 |      16 |   0.0 |   641
           D:2 |       0 |      59 |   0.0 |       0 |      16 |   0.0 |   780
           D:3 |       0 |      17 |   0.0 |       0 |       4 |   0.0 |   218
               +---------+---------+-------+---------+---------+-------+---------
